 Dungeon Crawl Stone Soup version 0.30-a0-802-gb92711bcdf (webtiles) character file.

Game seed: 9790600413181638175

65 ders the Magician (level 4, -4/31 HPs)
             Began as a Djinni Conjurer on Feb 23, 2023.
             Slain by Terence
             ... wielding a +0 flail
              (9 damage)
             ... on level 2 of the Dungeon.
             The game lasted 00:01:43 (1090 turns).

ders the Magician (Djinni Conjurer)                 Turns: 1090, Time: 00:01:44

Health: -4/31      AC:  2    Str:  6    XL:     4   Next: 35%
Gold:   59         EV: 12    Int: 21    God:
                   SH:  0    Dex: 12

rFire   + + .      SeeInvis .    d - staff of conjuration
rCold   x . .      Faith    .    (no shield)
rNeg    . . .      Spirit   .    a - +0 robe
rPois   ∞          Reflect  .    (no helmet)
rElec   .          Harm     .    (no cloak)
rCorr   .          Rampage  .    (no gloves)
Will    .....                    (boots unavailable)
Stlth   ++                       (no amulet)
HPRegen 0.25/turn                (no ring)
MPRegen 0.00/turn                (no ring)

@: brilliant, attractive, flying, very slightly contaminated
A: sickness immunity, fire resistance 2, cold vulnerability 1, float, innate
caster, HP casting, extra vitality 1
a: no special abilities


You were on level 2 of the Dungeon.
You visited 1 branch of the dungeon, and saw 2 of its levels.

You collected 59 gold pieces.

Inventory:

Armour
 a - a +0 robe (worn)
Magical Staves
 b - a staff of poison
 d - a staff of conjuration (weapon)
Scrolls
 e - 2 scrolls of identify {unknown}
Potions
 c - a potion of attraction
 f - a potion of brilliance


   Skills:
 - Level 2.1 Dodging
 - Level 1.5 Stealth
 + Level 4.4 Spellcasting


You knew the following spells:

 Your Spells              Type           Power      Damage    Failure   Level
a - Magic Dart            Conj           100%       1d8       1%          1
b - Searing Ray           Conj           100%       2d8       2%          2
c - Dazzling Flash        Conj/Hex       100%       N/A       5%          3
d - Fulminant Prism       Conj/Hex       25%        3d13      19%         4
e - Iskenderun's Mystic   Conj/Tloc      51%        2d11      19%         4
f - Slow                  Hex            100%       N/A       1%          1
Your spell library was empty.

Dungeon Overview and Level Annotations

Branches:
Dungeon (2/15)

Altars:

Annotations:
D:2 Terence


Innate Abilities, Weirdness & Mutations

You are immune to sickness and miasma.
You are immune to poison.
Your flesh is very heat resistant. (rF++)
You are vulnerable to cold. (rC-)
You float through the air rather than walking.
You learn spells naturally, not from books.
Your magical power is your life essence.
You have superior vitality. (+4 MHP)


Message History

Casting: Fulminant Prism (extremely dangerous; 19% risk of failure)
Confirm with . or Enter, or press ? or * to list all spells.
Aiming: Searing Ray (safe; 2% risk of failure)
Press: ? - help, Shift-Dir - straight line, f - Terence
Aim: Terence, wielding a +0 flail and wearing a +0 scale mail (83% to hit)
You feel a surge of power!
The searing ray hits Terence.
Terence is lightly wounded. (Press . to maintain the ray.)
A giant cockroach comes into view.
Unknown command.
Casting: Searing Ray (safe; 2% risk of failure)
Confirm with . or Enter, or press ? or * to list all spells.
Restarting spell: Searing Ray (safe; 2% risk of failure)
Press: ? - help, Shift-Dir - straight line, f/p - Terence
Aim: Terence, wielding a +0 flail and wearing a +0 scale mail (lightly wounded, 83% to hit)
You feel a surge of power!
The searing ray hits Terence!
Terence is heavily wounded. (Press . to maintain the ray.) Terence hits you with a +0 flail!
Unknown command.
It was a potion of attraction.
You feel attractive to monsters. Terence hits you with a +0 flail!
* * * LOW HITPOINT WARNING * * *
The worm is attracted toward you.
The giant cockroach is attracted toward you.
It was a potion of brilliance.
You feel clever all of a sudden. The worm barely misses you.
Terence hits you with a +0 flail.
* * * LOW HITPOINT WARNING * * *
As you read the scroll labelled JON FEPHUIF, it crumbles to dust.
You feel aware of your surroundings.
You sensed 1 altar.
It was a scroll of magic mapping.
Terence barely misses you.
As you read the scroll labelled YFYELU TAIR, it crumbles to dust.
You hear a loud clanging noise!
It was a scroll of noise.
The giant cockroach barely misses you. The worm misses you.
Terence asks, "Do you want it fast or slow?"
Terence hits you with a +0 flail!
You die...

,,,,*,,,,,,,,* *,,,,,,,,,,,,**,,,
,,,,*,,,,,,,,* *,.......,,,,**,,,
,,,,*,,,,,,,,* *,.......,,,,**,,,
*****,,,,,,,,* *,.......,,,,**,,,
* ****,,,,*****,.......,,,,**,,,
* *,,+,,,,+,,,,,.......,********
* *,**,,,,******.......,*
****+**,,,,* ###w......,*
*,,,,,,,,,,* #.@@.#**+***
*,,,,,,,,,** #..B.# *,*
*,,,,,,,,,** #....###+#########*
*,,,,,,,,,,* #....#.......(....,
*,,,,,,,,,,*###....#............,
*,,,,,,,,,,*#......+............,
*,,,,,,,,,,*##.....#......(†....,
*,,,,,,,,,,* #.....#............,
*,,,,,,,,,,* #.....#............,


You could see Terence, a worm and a giant cockroach.

Vanquished Creatures
  3 adders (D:2)
  3 dart slugs
  2 bats
  3 endoplasms (D:1)
  2 giant cockroaches
  2 goblins
  2 hobgoblins
  3 quokkas (D:1)
  3 ball pythons (D:1)
  2 frilled lizards
  4 kobolds (D:1)
  4 rats
33 creatures vanquished.

Notes
Turn   | Place    | Note
-------+----------+-------------------------------------------
     0 | D:1      | ders the Djinni Conjurer began the quest for the Orb.
     0 | D:1      | ders set off with the following spells memorised: Magic
                  | Dart, Searing Ray, Dazzling Flash, Fulminant Prism,
                  | Iskenderun's Mystic Blast.
     0 | D:1      | Reached XP level 1. HP: 15/15 MP: 0/0
   108 | D:1      | Reached XP level 2. HP: 19/21 MP: 0/0
   362 | D:1      | Reached XP level 3. HP: 24/25 MP: 0/0
   362 | D:1      | Learned a level 1 spell: Slow
   845 | D:2      | Reached skill level 4 in Spellcasting
   903 | D:2      | Reached XP level 4. HP: 28/31 MP: 0/0
  1081 | D:2      | Noticed Terence
  1090 | D:2      | Slain by Terence

Illustrated notes

Levels and vault maps discovered:
D:1:      nicolae_arrival_washed_ashore, layout_loops_ring
D:2:      layout_basic, basic_altar, uniq_terence, uniq_sigmund

Skill      XL: |  1  2  3 |
---------------+----------+-----
Spellcasting   | 4 |  4.4
Dodging        | |  2.1
Stealth        | |  1.5

Action                     |  1- 3 |  4- 6 || total
---------------------------+-------+-------++-------
   Cast: Magic Dart        |    45 |    10 ||    55
         Searing Ray       |     3 |     3 ||     6
    Use: Scroll            |       |     2 ||     2
         Potion            |       |     2 ||     2
 Armour: Robe              |     2 |       ||     2
  Dodge: Dodged            |     2 |     5 ||     7

Table legend: (Time is in decaauts)
 A = Elapsed time spent in this place.
 B = Non-inter-level travel time spent in this place.
 C = Inter-level travel time spent in this place.
 D = Time resting spent in this place.
 E = Time spent auto-exploring this place.
 F = Levels seen in this place.
 G = Mean time per level.
                   A        B        C        D        E       F      G
               +--------+--------+--------+--------+--------+-----+--------+
         Total |   1088 |   1036 |     52 |      0 |    910 |   2 |  544.0 |
       Dungeon |   1088 |   1036 |     52 |      0 |    910 |   2 |  544.0 |
               +--------+--------+--------+--------+--------+-----+--------+

Top non-repeatable levels by time:
     D:1: 840 daAuts
     D:2: 248 daAuts
